 Dungeon Crawl Stone Soup version 0.22-a0-422-g9628fc8 (webtiles) character file.

2 PegasusDuck the Grasshopper (level 1, 0/17 HPs)
             Began as a Gnoll Wanderer on May 16, 2018.
             Slain by a leopard gecko (4 damage)
             ... on level 1 of the Dungeon.
             The game lasted 00:00:40 (90 turns).

PegasusDuck the Grasshopper (Gnoll Wanderer)          Turns: 90, Time: 00:00:40

Health: 0/17       AC:  6    Str: 13    XL:     1   Next: 40%
Magic:  2/2        EV: 12    Int: 16    God:
Gold:   0          SH:  0    Dex: 13    Spells: 0/0 levels left

rFire    . . .     SeeInvis .   e - +0 club
rCold    . . .     Gourm    .   (no shield)
rNeg     . . .     Faith    .   c - +0 ring mail
rPois    .         Spirit   .   (no helmet)
rElec    .         Reflect  .   (no cloak)
rCorr    .         Harm     .   (no gloves)
MR       .....                  g - +0 pair of boots
Stlth    +.........             (no amulet)
HPRegen  0.05/turn              (no ring)
MPRegen  0.08/turn              (no ring)

@: no status effects
A: distributed training, fangs 1, strong nose
a: no special abilities


You were on level 1 of the Dungeon.
You were not hungry.

You visited 1 branch of the dungeon, and saw 1 of its levels.

Inventory:

Hand Weapons
 e - a +0 club (weapon)
Armour
 c - a +0 ring mail (worn)
 d - a +0 robe
 g - a +0 pair of boots (worn)
Scrolls
 b - a scroll of fog {unknown}
Potions
 a - a potion of brilliance {unknown}
 h - 2 potions of curing {unknown}
Comestibles
 f - a ration


   Skills:
 + Level 2.3 Fighting
 + Level 0.0 Short Blades
 + Level 0.0 Long Blades
 + Level 0.0 Axes
 + Level 0.0 Maces & Flails
 + Level 0.0 Polearms
 + Level 0.0 Staves
 + Level 0.0 Slings
 + Level 0.0 Bows
 + Level 0.0 Crossbows
 + Level 2.3 Throwing
 + Level 0.0 Armour
 + Level 4.4 Dodging
 + Level 0.0 Stealth
 + Level 0.0 Shields
 + Level 0.0 Unarmed Combat
 + Level 0.0 Spellcasting
 + Level 0.0 Conjurations
 + Level 0.0 Hexes
 + Level 0.0 Charms
 + Level 0.0 Summonings
 + Level 0.0 Necromancy
 + Level 5.3 Translocations
 + Level 3.6 Transmutations
 + Level 0.0 Fire Magic
 + Level 0.0 Ice Magic
 + Level 0.0 Air Magic
 + Level 0.0 Earth Magic
 + Level 0.0 Poison Magic
 + Level 0.1 Invocations
 + Level 2.3 Evocations


You couldn't memorise any spells.
You didn't know any spells.
Your spell library contained the following spells:

 Spells                   Type           Power        Failure   Level  Hunger
 Conjure Flame            Conj/Fire      #.......     86%         3    ####...
 Teleport Other           Tloc           ###.....     19%         3    ####...
 Blink                    Tloc           N/A          10%         2    ###....
 Spider Form              Tmut/Pois      #.........   61%         3    ####...
 Flame Tongue             Conj/Fire      #....        50%         1    ##.....
 Passage of Golubria      Tloc           N/A          52%         4    #####..
 Shroud of Golubria       Chrm/Tloc      #.........   28%         2    ###....
 Beastly Appendage        Tmut           ##....       12%         1    ##.....
 Gell's Gravitas          Tloc           ###.......   19%         3    ####...
 Lesser Beckoning         Tloc           ###.......   19%         3    ####...


Dungeon Overview and Level Annotations

Branches:
Dungeon (1/15)

Altars:


Innate Abilities, Weirdness & Mutations

Your experience applies equally to all skills.
You have very sharp teeth.
Your uncanny sense of smell can sniff out nearby items.


Message History

The leopard gecko is lightly wounded.
The leopard gecko barely misses you.
You hit the leopard gecko. Your bite misses the leopard gecko.
The leopard gecko is moderately wounded.
The leopard gecko bites you. The leopard gecko barely misses you.
You hit the leopard gecko.
The leopard gecko is heavily wounded.
The leopard gecko closely misses you.
You hit the leopard gecko.
The leopard gecko is severely wounded.
The leopard gecko misses you. The leopard gecko closely misses you.
You completely miss the leopard gecko.
The leopard gecko is severely wounded.
The leopard gecko closely misses you.
You closely miss the leopard gecko.
The leopard gecko is severely wounded.
The leopard gecko bites you.
* * * LOW HITPOINT WARNING * * *
The leopard gecko bites you.
You die...

#.########
#...l?...####
#@......#
#.†.....#
#.......#
#.......#
#.......#
#.......#
#.......#
###..####
###### ##.#


You could see a leopard gecko.

Vanquished Creatures
  2 giant cockroaches (D:1)
2 creatures vanquished.

Notes
Turn   | Place    | Note
-------+----------+-------------------------------------------
     0 | D:1      | PegasusDuck the Gnoll Wanderer began the quest for the Orb.
     0 | D:1      | PegasusDuck set off with: a +0 robe, a +0 club, a ration
     0 | D:1      | Reached XP level 1. HP: 17/17 MP: 2/2
    90 | D:1      | Slain by a leopard gecko

Vault maps used:
D:1:      dpeg_arrival_renting

Action                   || total
-------------------------++-------
Melee: Club              ||    32
       Bite              ||     3
Armor: Ring mail         ||     9
       Robe              ||     1
Dodge: Dodged            ||    26

Table legend:
 A = Spawn XP
 B = Non-spawn XP
 C = Spawn XP percentage of total XP
 D = Spawn monster count
 E = Non-spawn monster count
 F = Spawn count percentage of total count
 G = Total turns spent on level
                    A         B        C        D         E        F      G
               +---------+---------+-------+---------+---------+-------+---------
         Total |       0 |       4 |   0.0 |       0 |       2 |   0.0 |    90
               +---------+---------+-------+---------+---------+-------+---------
           D:1 |       0 |       4 |   0.0 |       0 |       2 |   0.0 |    90
               +---------+---------+-------+---------+---------+-------+---------
